Map: Amygdala

Players

ByuN

  • Race: Terran Terran
  • Spawn Location: 1:00

LiquidCure (Cure) - Winner!

  • Race: Terran Terran
  • League: Master
  • Spawn Location: 7:00

VOD

Have the link to the VOD?

Description

Time

  • Played on: March 14, 2025, 9:17 a.m.
  • Length: 9:51
Show
View Real Time Build Order
Export as new Build Order

ByuN Terran 

Build Orders:  

Get SALT Encoding   

  12  0:00  SCV  
  13  0:12  SCV  
  14  0:17  Supply Depot  
  14  0:24  SCV  
  15  0:38  SCV  
  15  0:39  Barracks  
  15  0:42  Refinery  
  16  0:50  SCV  
  16  0:53  Refinery  
  17  1:02  SCV  
  18  1:15  SCV  
  19  1:26  Reaper  
  19  1:27  Orbital Command  
  19  1:31  Supply Depot  
  20  1:41  Factory  
  20  1:52  SCV  
  21  1:58  Reaper  
  22  2:04  SCV  
  23  2:16  SCV  
  23  2:17  Command Center  
  24  2:26  Hellion  
  24  2:29  SCV  
  26  2:30  Reaper  
  27  2:41  SCV  
  27  2:43  Supply Depot  
  27  2:48  Hellion  
  29  2:53  SCV  
  29  2:59  Command Center  
  29  3:02  Marine  
  30  3:08  SCV  
  30  3:09  Hellion  
  30  3:11  Starport  
  33  3:20  Barracks Reactor, SCV  
  34  3:30  Factory Tech Lab  
  34  3:32  SCV  
  35  3:34  Supply Depot  
  35  3:44  SCV  
  35  3:48  Starport Tech Lab  
  34  3:49  Cyclone  
  37  3:56  SCV  
  37  3:57  Marine x2  
  40  4:09  Medivac  
  42  4:10  SCV  
  42  4:14  Marine  
  42  4:15  Marine  
  45  4:24  Siege Tank  
  45  4:25  SCV  
  49  4:32  Supply Depot, Marine x2  
  49  4:37  SCV  
  45  4:49  SCV  
  44  4:53  Orbital Command  
  44  4:58  Siege Tank  
  47  5:01  SCV  
  47  5:06  Marine  
  49  5:12  Refinery  
  49  5:13  SCV  
  52  5:24  Marine, SCV  
  52  5:25  SCV  
  52  5:26  Medivac x2  
  56  5:36  SCV  
  56  5:38  SCV  
  56  5:40  Supply Depot  
  56  5:42  Marine  
  59  5:45  Siege Tank  
  59  5:48  SCV  
  63  5:50  SCV  
  63  5:55  Refinery  
  64  6:00  Marine, SCV  
  64  6:02  SCV  
  67  6:04  Supply Depot  
  67  6:07  Liberator  
  70  6:13  SCV  
  70  6:14  SCV  
  70  6:17  Siege Tank  
  70  6:18  Marine  
  76  6:25  SCV  
  77  6:26  SCV  
  77  6:27  Supply Depot  
  77  6:29  Liberator  
  81  6:36  Marine  
  81  6:38  SCV  
  83  6:40  Supply Depot  
  83  6:41  SCV  
  84  6:49  Siege Tank  
  84  6:50  SCV  
  85  6:57  Marine  
  85  7:01  Viking  
  85  7:04  SCV x2  
  89  7:12  Viking  
  91  7:15  Marine  
  91  7:16  SCV  
  91  7:22  Siege Tank  
  88  7:24  SCV  
  88  7:28  SCV  
  87  7:32  Engineering Bay  
  87  7:33  Marine  
  87  7:34  Engineering Bay  
  87  7:36  SCV  
  89  7:40  SCV, Stimpack  
  90  7:48  SCV  
  90  7:49  Barracks x2  
  90  7:51  Marine  
  91  7:52  Starport Reactor, SCV  
  93  7:59  Siege Tank  
  97  8:05  Command Center  
  95  8:14  SCV x2  
  95  8:17  Marine  
  98  8:27  SCV x2  
  98  8:35  Marine, Siege Tank  
  98  8:40  Starport Reactor  
  102  8:43  SCV  
  102  8:45  Barracks  
  102  8:46  Barracks, SCV  
  95  8:55  SCV  
  95  8:56  Marine x3  
  95  8:58  SCV  
  93  9:08  Marine, SCV  
  93  9:09  Marine  
  90  9:10  SCV  
  90  9:14  Marine  
  90  9:15  Marine x2  
  90  9:16  Siege Tank  
  83  9:21  Orbital Command  
  83  9:26  Marine x2  
  83  9:27  SCV x2  
  88  9:32  Marine  
  88  9:36  Barracks Reactor  
  88  9:38  Barracks Reactor  
  91  9:39  SCV x2  
Show
View Real Time Build Order
Export as new Build Order

LiquidCure Terran - Winner!

Build Orders:  

Get SALT Encoding   

  12  0:00  SCV  
  13  0:12  SCV  
  14  0:17  Supply Depot  
  14  0:24  SCV  
  15  0:39  Barracks  
  15  0:42  Refinery  
  15  0:55  Barracks  
  15  0:59  SCV  
  16  1:11  SCV  
  17  1:12  Refinery  
  17  1:25  Reaper  
  18  1:30  Orbital Command  
  18  1:42  Reaper  
  19  1:53  Supply Depot  
  19  1:55  SCV  
  19  1:57  Reaper  
  21  2:08  SCV  
  22  2:14  Reaper  
  23  2:18  Factory  
  23  2:22  SCV  
  24  2:29  Reaper  
  25  2:35  SCV  
  26  2:46  Reaper  
  26  2:47  Supply Depot  
  26  2:48  SCV  
  28  3:00  SCV  
  29  3:08  Factory Tech Lab  
  29  3:12  SCV  
  30  3:22  Command Center  
  30  3:24  SCV  
  30  3:26  Cyclone  
  34  3:35  Supply Depot  
  34  3:36  SCV  
  35  3:48  SCV, Starport  
  35  3:58  Cyclone  
  35  4:00  SCV  
  39  4:12  SCV  
  40  4:18  Refinery  
  40  4:24  SCV  
  40  4:25  Starport Tech Lab  
  40  4:28  Barracks Reactor  
  40  4:31  Siege Tank  
  44  4:36  SCV  
  43  4:49  SCV  
  43  4:52  Orbital Command  
  41  4:53  Viking  
  41  4:58  Command Center  
  43  5:01  SCV  
  43  5:03  Interference Matrix  
  44  5:07  Siege Tank  
  44  5:11  Marine x2  
  44  5:13  SCV  
  50  5:19  SCV  
  51  5:22  Supply Depot  
  51  5:26  Raven  
  53  5:31  Marine x2  
  53  5:34  SCV  
  53  5:35  SCV  
  57  5:42  Siege Tank  
  60  5:46  SCV  
  60  5:47  SCV  
  60  5:49  Marine x2  
  64  5:59  SCV x2  
  64  6:00  Raven  
  64  6:04  Barracks  
  68  6:05  Barracks  
  68  6:08  Refinery  
  68  6:11  SCV x2, Orbital Command  
  70  6:18  Marine  
  70  6:19  Stimpack  
  70  6:21  Factory Reactor  
  70  6:23  SCV x2  
  73  6:27  Engineering Bay  
  73  6:30  Engineering Bay  
  73  6:35  SCV x2, Orbital Command  
  73  6:36  Marine, Raven  
  78  6:47  SCV x2  
  79  6:54  Marine  
  79  6:59  SCV x2  
  79  7:01  Marine  
  76  7:05  SCV  
  77  7:11  SCV  
  77  7:12  Marine  
  76  7:16  SCV  
  76  7:19  SCV  
  76  7:22  Terran Infantry Armor Level 1, Terran Infantry Weapons Level 1  
  73  7:26  Refinery  
  72  7:34  SCV x2  
  74  7:37  Marine x2  
  74  7:41  Supply Depot, Orbital Command  
  74  7:42  Supply Depot  
  77  7:48  Barracks Reactor, SCV x2  
  78  7:51  Barracks  
  78  7:52  Barracks  
  78  7:54  Barracks  
  78  7:57  Marine x2  
  78  7:58  Marine  
  81  7:59  Siege Tank  
  81  8:00  Combat Shield, SCV  
  81  8:02  SCV, Medivac  
  88  8:08  Missile Turret  
  88  8:10  SCV  
  89  8:12  SCV  
  89  8:15  SCV, Medivac  
  93  8:22  SCV  
  93  8:24  Marine x4  
  93  8:25  Marine, SCV  
  93  8:27  SCV  
  101  8:35  Supply Depot x2  
  101  8:37  SCV x2, Siege Tank  
  101  8:38  Barracks Reactor  
  101  8:39  SCV  
  101  8:41  Armory, Barracks Reactor  
  107  8:49  SCV  
  107  8:53  Marine x4  
  107  8:55  SCV  
  109  8:57  SCV  
  109  9:00  Marine x2  
  109  9:02  SCV  
  108  9:07  SCV, Medivac x2  
  108  9:09  SCV  
  113  9:11  Marine x4  
  113  9:14  Marine x2, SCV  
  108  9:17  Marine x2  
  108  9:18  Marine x2  
  108  9:19  SCV  
  108  9:21  SCV  
  114  9:31  SCV  
  114  9:32  Marine x4, SCV  
  114  9:33  SCV  
Tags
 
League
Master
Matchup
TvT
Player
ByuNCure
Race
Terran
Spawn Locations
Cross Positions
Add a new tag
Caveats
  • Supply blocks, unpowered buildings, or Contaminate may cause inaccurate times.
  • Supply counts are checked every 10 seconds.